 Dungeon Crawl Stone Soup version 0.29.1-12-g30fa7ad0bf (webtiles) character file.

Game seed: 14208566205362938390

47597 DildoBatman the Blocker (level 14, -1/110 HPs)
             Began as a Formicid Conjurer on Dec 12, 2022.
             Was a High Priest of Kikubaaqudgha.
             Slain by Rupert
             ... wielding a +4 great mace of protection
              (5 damage)
             ... on level 2 of the Orcish Mines.
             The game lasted 00:59:48 (17878 turns).

DildoBatman the Blocker (Formicid Conjurer)        Turns: 17878, Time: 00:59:48

Health: -1/110     AC: 20    Str: 15    XL:     14   Next: 82%
Magic:  21/29      EV: 14    Int: 23    God:    Kikubaaqudgha [*****.]
Gold:   1303       SH: 12    Dex: 12    Spells: 12/35 levels left

rFire   . . .      SeeInvis +   b - +3 rapier (drain)
rCold   . . .      Faith    .   Z - +0 kite shield
rNeg    . . .      Spirit   .   o - +4 troll leather armour
rPois   .          Reflect  .   (helmet unavailable)
rElec   .          Harm     .   W - +0 cloak "Hoil" {Str+3}
rCorr   .          Rampage  .   v - +2 pair of gloves
Will    ++...                   j - +0 pair of boots
Stlth   ++........              (no amulet)
HPRegen 1.08/turn               T - +4 ring of protection
MPRegen 0.21/turn               z - +4 ring of slaying

@: no status effects
A: permanent stasis, dig shafts and tunnels, antennae 3, four strong arms,
talons 1, strong-willed 1, wild magic 1
a: Dig, Shaft Self, Renounce Religion, Unearth Wretches, Torment


You were on level 2 of the Orcish Mines.
You worshipped Kikubaaqudgha.
Kikubaaqudgha was extremely pleased with you.
You visited 4 branches of the dungeon, and saw 17 of its levels.
You also visited: Ossuary and Volcano.

You collected 1303 gold pieces.

Inventory:

Hand Weapons
 a - a +4 shortbow of flaming
 b - a +3 rapier of draining (weapon)
 d - a +3 great sword of flaming
Missiles
 n - 3 javelins
 w - 5 throwing nets
 B - 2 silver javelins
Armour
 j - a +0 pair of boots (worn)
 o - a +4 troll leather armour (worn)
 v - a +2 pair of gloves (worn)
 E - a scarf of repulsion
 W - the +0 cloak "Hoil" (worn) {Str+3}
   (You found it on level 3 of the Lair of Beasts)

   Str:       It affects your strength (+3).
 Z - a +0 kite shield (worn)
Magical Staves
 t - a staff of poison
 y - a staff of death
 J - a staff of earth
Jewellery
 z - a +4 ring of slaying (right hand)
 H - a ring of resist corrosion
 I - a ring of protection from cold
 T - a +4 ring of protection (left hand)
Wands
 Q - a wand of iceblast (9)
Scrolls
 c - 2 scrolls of immolation {unknown}
 h - 3 scrolls of torment
 p - 5 scrolls of fog {unknown}
 s - 2 scrolls of summoning {unknown}
 u - 3 scrolls of fear {unknown}
 A - 4 scrolls of identify
 C - 3 scrolls of magic mapping
 D - 2 scrolls of amnesia {unknown}
 F - a scroll of vulnerability {unknown}
 K - a scroll of blinking {unknown}
 O - 2 scrolls of noise {unknown}
 R - 4 scrolls of enchant weapon
 U - 4 scrolls of teleportation {unknown}
 X - 2 scrolls of brand weapon
Potions
 e - 3 potions of might
 f - a potion of berserk rage {unknown}
 k - 3 potions of mutation
 l - 4 potions of cancellation
 m - 6 potions of brilliance
 q - a potion of ambrosia
 r - a potion of heal wounds
 x - 4 potions of flight
 G - 2 potions of resistance {unknown}
 N - 3 potions of curing {unknown}
 P - a potion of magic
 S - 2 potions of haste {unknown}
 V - 3 potions of invisibility
Miscellaneous
 g - a condenser vane
 i - a lightning rod (4/4)


   Skills:
 * Level 10.1 Fighting
 * Level 10.1 Armour
 * Level 8.4 Dodging
 - Level 2.4 Stealth
 * Level 13.3 Shields
 * Level 11.2 Spellcasting
 - Level 6.0 Conjurations
 * Level 6.4 Necromancy
 * Level 5.3 Ice Magic
 - Level 9.0 Earth Magic


You had 12 spell levels left.
You knew the following spells:

 Your Spells              Type           Power      Damage    Failure   Level
a - Searing Ray           Conj           100%       2d8       2%          2
b - Stone Arrow           Conj/Erth      100%       3d13      2%          3
c - Magic Dart            Conj           100%       1d8       1%          1
d - Ozocubu's Armour      Ice            48%        N/A       5%          3
e - Conjure Flame         Conj/Fire      34%        6-21      13%         3
f - Lee's Rapid Deconstr  Erth           31%        3d17*     11%         5
h - Dispel Undead         Necr           53%        3d19      11%         4
z - Sublimation of Blood  Necr           53%        N/A       2%          2

Your spell library contained the following spells:

 Spells                   Type           Power      Damage    Failure   Level
 Necrotise                Necr           100%       1d9       1%          1
 Sandblast                Erth           100%       2d20      1%          1
 Shock                    Conj/Air       100%       1d9       4%          1
 Passwall                 Tmut/Erth      35%        N/A       4%          2
 Animate Dead             Necr           53%        N/A       11%         4
 Dazzling Flash           Conj/Hex       68%        N/A       13%         3
 Borgnjor's Vile Clutch   Necr/Erth      29%        N/A       16%         5
 Scorch                   Fire           32%        2d7       21%         2
 Agony                    Necr           53%        N/A       26%         5
 Anguish                  Hex/Necr       18%        N/A       34%         4
 Ignite Poison            Fire/Tmut/Pois 16%        N/A       36%         3
 Flame Wave               Conj/Fire      34%        2d10      36%         4
 Fulminant Prism          Conj/Hex       17%        3d11      36%         4
 Iskenderun's Mystic Bla  Conj/Tloc      34%        2d8       36%         4
 Sticky Flame             Conj/Fire      34%        2d5       36%         4
 Corpse Rot               Necr/Pois/Air  29%        N/A       45%         4
 Metabolic Englaciation   Hex/Ice        16%        N/A       73%         5
 Airstrike                Air            8%         2d(2-18)  75%         4
 Death Channel            Necr           26%        N/A       78%         6
 Simulacrum               Ice/Necr       25%        N/A       85%         6
 Summon Cactus Giant      Summ           8%         N/A       100%        6
 Malign Gateway           Summ/Tloc      8%         N/A       100%        7
 Lehudib's Crystal Spear  Conj/Erth      28%        10d8      100%        8
 Summon Horrible Things   Summ           8%         N/A       100%        8
 Swiftness                Air            Unusable   N/A       N/A         3

Dungeon Overview and Level Annotations

Branches:
Dungeon (11/15)            Temple (1/1) D:5            Lair (3/5) D:8
  Swamp (0/4) Lair:2       Spider (0/4) Lair:3          Orc (2/2) D:9
Ossuary (visited)         Volcano (visited)
    Elf: Orc:2

Altars:
Ashenzari
Cheibriados
Dithmenos
Elyvilon
Fedhas
Gozag
Hepliaklqana
Kikubaaqudgha
Makhleb
Nemelex Xobeh
Okawaru
Qazlal
Ru
Sif Muna
Trog
Uskayaw
Vehumet
Wu Jian
Xom
Yredelemnul
Zin
The Shining One

Shops:
D:6 [   Orc:2 *

Portals:
Abyss: Lair:2

Annotations:
D:8 1 runed translucent door, crossborder's ghost, novice HOFi
D:11 2 runed translucent doors, caleiya's ghost, journeyman HOBe
Lair:2 2 transporters, Xushrum's ghost, journeyman GrEE
Orc:2 Rupert


Innate Abilities, Weirdness & Mutations

You cannot be hasted, slowed, berserked, paralysed or teleported.
You can dig through walls and to a lower floor.
You have a pair of large antennae on your head. (SInv)
Your four strong arms can wield two-handed weapons with a shield.
You have sharp toenails.
You are strong-willed. (Will+)
Your spells are a little harder to cast, but a little more powerful.


Message History

Rupert is heavily wounded.
Rupert completely misses you.
Casting: Stone Arrow (mildly dangerous; 2% risk of failure)
Confirm with . or Enter, or press ? or * to list all spells.
Aiming: Stone Arrow (mildly dangerous; 2% risk of failure)
Press: ? - help, Shift-Dir - straight line, f/p - Rupert
Aim: Rupert, wielding a +4 great mace of protection and wearing a +0 ring mail (heavily wounded, berserk, 81% to hit)
The stone arrow hits Rupert!!
Rupert is severely wounded.
Rupert barely misses you. Rupert completely misses you.
Casting: Stone Arrow (mildly dangerous; 2% risk of failure)
Confirm with . or Enter, or press ? or * to list all spells.
Aiming: Stone Arrow (mildly dangerous; 2% risk of failure)
Press: ? - help, Shift-Dir - straight line, f/p - Rupert
Aim: Rupert, wielding a +4 great mace of protection and wearing a +0 ring mail (severely wounded, berserk, 81% to hit)
The stone arrow hits Rupert!
Rupert is almost dead.
Rupert hits you with a +4 great mace of protection!!
Magic courses through your body. You block Rupert's attack.
Rupert hits you with a +4 great mace of protection!!
Casting: Stone Arrow (mildly dangerous; 2% risk of failure)
Confirm with . or Enter, or press ? or * to list all spells.
Aiming: Stone Arrow (mildly dangerous; 2% risk of failure)
Press: ? - help, Shift-Dir - straight line, f/p - Rupert
Aim: Rupert, wielding a +4 great mace of protection and wearing a +0 ring mail (almost dead, berserk, 81% to hit)
The stone arrow hits Rupert.
Rupert is almost dead.
Rupert misses you.
Casting: Stone Arrow (mildly dangerous; 2% risk of failure)
Confirm with . or Enter, or press ? or * to list all spells.
Aiming: Stone Arrow (mildly dangerous; 2% risk of failure)
Press: ? - help, Shift-Dir - straight line, f/p - Rupert
Aim: Rupert, wielding a +4 great mace of protection and wearing a +0 ring mail (almost dead, berserk, 81% to hit)
The stone arrow hits Rupert!!
Rupert is almost dead.
Rupert hits you with a +4 great mace of protection.
You die...
Kikubaaqudgha rasps: "You have failed me!
Welcome... death!"

......#.........
................{
......#........
.............## .
...........<..# ...
.$..#........##....
...................
.......@...$.......
......@)...........
..................#
...........#.##..##
...........### ##
.#.##.......
...#......... ..
...._....##


You could see Rupert (berserk).

Vanquished Creatures
  A red draconian (Volcano)
  Harold (D:11)
  3 hydras
  3 boulder beetles (D:11)
  A catoblepas (Lair:2)
  A centaur warrior (D:11)
  A deep troll earth mage (D:11)
  5 two-headed ogres
  4 death yaks (Lair:3)
  The ghost of duchin the Basher, a novice HOGl (D:7)
  An iron troll (Orc:1)
  Amaemon (D:10)
  A deep troll (D:11)
  A salamander mystic (Volcano)
  2 bog bodies (Lair:2)
  A lindwurm (Lair:3)
  An orc knight (Orc:1)
  An orc sorcerer (Orc:1)
  3 ugly things (D:11)
  4 cyclopes
  4 salamanders (Volcano)
  A black mamba (Lair:3)
  2 molten gargoyles (Volcano)
  A gargoyle (D:11)
  An orange demon (D:11)
  4 rime drakes
  Psyche (D:9)
  7 cane toads
  7 komodo dragons
  A kobold demonologist (D:10)
  2 hornets (D:8)
  4 trolls
  A polar bear (Lair:2)
  4 blink frogs (Lair:2)
  3 culicivoras (Lair:3)
  2 wraiths (D:10)
  6 fire bats (Volcano)
  A vampire (D:11)
  39 yaks
  2 wyverns
  7 basilisks
  2 steam dragons
  2 vampire mosquitoes (D:11)
  An acid dragon (D:8)
  12 water moccasins
  8 orc warriors
  2 black bears
  An ice beast (D:7)
  7 ogres
  A sky beast (D:7)
  A centaur (D:8)
  17 wolves
  A phantom (D:6)
  3 kobold brigands
  5 bullfrogs
  A gnoll sergeant (D:9)
  5 necrophages
  2 scorpions (D:5)
  3 water moccasin zombies (Ossuary)
  9 wights
  10 killer bees
  7 howler monkeys
  4 hounds
  7 lava snakes (Volcano)
  2 centaur zombies (Ossuary)
  A gnoll bouda (D:6)
  7 orc priests
  Crazy Yiuf (D:6)
  A human zombie (Ossuary)
  4 jellies
  2 iguanas
  A scorpion zombie (Ossuary)
  10 orc wizards
  An ogre zombie (Ossuary)
  10 gnolls
  11 adders
  A shadow imp (D:7)
  3 ufetubi
  4 adder zombies (Ossuary)
  A dart slug (D:2)
  43 orcs
  5 bats
  2 endoplasms (D:1)
  3 giant cockroaches
  9 goblins
  6 hobgoblins
  3 quokkas
  12 ball pythons
  A frilled lizard (D:1)
  A gnoll zombie (Ossuary)
  2 hobgoblin zombies (Ossuary)
  16 kobolds
  6 orc zombies (Ossuary)
  2 quokka zombies (D:8)
  3 rats
422 creatures vanquished.

Vanquished Creatures (others)
  13 fungi
  15 plants
28 creatures vanquished.

Grand Total: 450 creatures vanquished

Notes
Turn   | Place    | Note
-------+----------+-------------------------------------------
     0 | D:1      | DildoBatman the Formicid Conjurer began the quest for the
                  | Orb.
     0 | D:1      | Reached XP level 1. HP: 13/13 MP: 3/3
   142 | D:1      | Reached XP level 2. HP: 11/20 MP: 0/5
   145 | D:1      | Learned a level 2 spell: Searing Ray
   389 | D:1      | Reached skill level 1 in Fighting
   389 | D:1      | Reached skill level 1 in Armour
   404 | D:1      | Reached XP level 3. HP: 24/26 MP: 0/6
  1031 | D:2      | Reached XP level 4. HP: 32/32 MP: 3/8
  1592 | D:3      | Reached XP level 5. HP: 34/38 MP: 1/9
  1732 | D:3      | Learned a level 3 spell: Stone Arrow
  2247 | D:4      | Reached skill level 1 in Earth Magic
  2247 | D:4      | Reached XP level 6. HP: 46/46 MP: 3/11
  2254 | D:4      | Noticed an ogre
  2909 | D:4      | Reached XP level 7. HP: 47/52 MP: 7/12
  3268 | D:5      | Entered Level 5 of the Dungeon
  3273 | D:5      | Reached skill level 5 in Conjurations
  3655 | D:5      | Found a staircase to the Ecumenical Temple.
  3664 | Temple   | Entered the Ecumenical Temple
  3871 | Temple   | Became a worshipper of Kikubaaqudgha
  3950 | D:5      | Reached XP level 8. HP: 57/58 MP: 3/15
  4055 | D:4      | Reached skill level 5 in Spellcasting
  4738 | D:6      | Reached skill level 5 in Earth Magic
  4743 | D:6      | Found Rul Veps's Armour Shop.
  4796 | D:6      | Found a runed translucent door.
  4797 | D:6      | Noticed Crazy Yiuf
  4933 | D:6      | Found a basalt altar of Yredelemnul.
  5009 | D:6      | Reached skill level 1 in Shields
  5103 | D:6      | Reached skill level 2 in Shields
  5173 | D:6      | Reached skill level 3 in Shields
  5173 | D:6      | Reached XP level 9. HP: 54/63 MP: 7/18
  5512 | D:6      | Killed Crazy Yiuf
  5716 | D:7      | Found a runed translucent door.
  5717 | D:7      | Noticed duchin's ghost (novice HOGl)
  5844 | D:7      | Reached * piety under Kikubaaqudgha
  5844 | D:7      | Received a gift from Kikubaaqudgha
  5856 | D:7      | Learned a level 2 spell: Sublimation of Blood
  6508 | D:7      | Found a hazy altar of Hepliaklqana.
  6513 | D:7      | Found a white marble altar of Elyvilon.
  6667 | D:8      | Reached skill level 4 in Shields
  6686 | D:8      | Reached XP level 10. HP: 45/71 MP: 7/20
  6692 | D:8      | Identified the +8 chain mail of the Dripping Gods {Will+
                  | MP+9}
  6766 | D:8      | Found a sand-covered staircase.
  6787 | Ossuary  | Entered an ossuary
  6878 | Ossuary  | Reached ** piety under Kikubaaqudgha
  7170 | D:8      | Reached skill level 5 in Shields
  7246 | D:8      | Found a runed translucent door.
  7246 | D:8      | Found a shimmering altar of Xom.
  7246 | D:8      | Noticed crossborder's ghost (novice HOFi)
  7246 | D:8      | Noticed a +2 short sword of chaos
  7768 | D:8      | You fall into a shaft and drop 3 floors!
  7823 | D:11     | Noticed a green ugly thing
  7825 | D:11     | Noticed Amaemon
  7826 | D:11     | Noticed an orange demon
  7829 | D:10     | Entered Level 10 of the Dungeon
  8213 | D:10     | Reached skill level 5 in Fighting
  8213 | D:10     | Reached skill level 5 in Armour
  8219 | D:10     | Reached skill level 6 in Shields
  8408 | D:10     | Reached XP level 11. HP: 70/80 MP: 11/23
  8489 | D:10     | Found a glowing silver altar of Zin.
  8496 | D:10     | Reached *** piety under Kikubaaqudgha
  8496 | D:10     | Received a gift from Kikubaaqudgha
  8608 | D:10     | Got the Handbook of the Charred Lithosphere
  8955 | D:9      | Noticed a cyclops
  9155 | D:9      | Learned a level 5 spell: Lee's Rapid Deconstruction
  9159 | D:9      | Learned a level 3 spell: Conjure Flame
  9161 | D:9      | Reached skill level 7 in Shields
  9226 | D:9      | Reached skill level 5 in Dodging
  9271 | D:9      | Noticed Psyche
  9280 | D:9      | Killed Psyche
  9396 | D:9      | Killed a cyclops
  9618 | D:9      | Gained mutation: Your spells are a little harder to cast,
                  | but a little more powerful. [potion of mutation]
  9618 | D:9      | Gained mutation: You have sharp toenails. [potion of
                  | mutation]
  9618 | D:9      | Gained mutation: You are strong-willed. (Will+) [potion of
                  | mutation]
  9681 | D:9      | Found a staircase to the Orcish Mines.
  9942 | D:8      | Reached skill level 8 in Shields
 10048 | D:8      | Found a staircase to the Lair.
 10063 | D:8      | Reached **** piety under Kikubaaqudgha
 10077 | D:8      | Reached skill level 9 in Shields
 10331 | D:11     | Found a runed translucent door.
 10599 | D:11     | Reached skill level 10 in Shields
 10627 | D:11     | Noticed a two-headed ogre
 10644 | D:11     | Killed a two-headed ogre
 10658 | D:11     | Noticed a boulder beetle
 10669 | D:11     | Noticed a two-headed ogre
 10684 | D:11     | Killed a two-headed ogre
 10685 | D:11     | Reached XP level 12. HP: 89/89 MP: 12/25
 10703 | D:11     | Learned a level 4 spell: Dispel Undead
 10767 | D:11     | Found a runed translucent door.
 10769 | D:11     | Noticed a stone giant
 10770 | D:11     | Noticed a fire dragon
 10770 | D:11     | Noticed a lich
 10771 | D:11     | Noticed a skeletal warrior
 10772 | D:11     | Noticed caleiya's ghost (journeyman HOBe)
 10803 | D:10     | Killed Amaemon
 10938 | D:11     | Reached skill level 1 in Necromancy
 11214 | D:11     | Noticed an eight-headed hydra
 11383 | Orc:1    | Entered Level 1 of the Orcish Mines
 11861 | Orc:2    | Entered Level 2 of the Orcish Mines
 11861 | Orc:2    | Found a burning altar of Makhleb.
 11865 | Orc:2    | Noticed Rupert
 11901 | Orc:2    | Found Leguggof's Assorted Antiques.
 11905 | Orc:2    | Noticed an iron troll
 12149 | Orc:1    | Killed an iron troll
 12202 | Orc:2    | Noticed a two-headed ogre
 12202 | Orc:2    | Noticed a two-headed ogre
 12202 | Orc:2    | Noticed a deep troll
 12299 | Orc:2    | Noticed a two-headed ogre
 12299 | Orc:2    | Noticed a two-headed ogre
 12299 | Orc:2    | Noticed a two-headed ogre
 12478 | D:7      | Killed duchin's ghost
 12479 | D:7      | Reached skill level 11 in Shields
 12678 | Lair:1   | Entered Level 1 of the Lair of Beasts
 13059 | Lair:1   | Reached XP level 13. HP: 95/98 MP: 16/26
 13534 | Lair:1   | Learned a level 3 spell: Ozocubu's Armour
 13616 | Lair:2   | Noticed a six-headed hydra
 13622 | Lair:2   | Killed a six-headed hydra
 13707 | Lair:2   | Reached skill level 1 in Ice Magic
 13711 | Lair:2   | Reached skill level 10 in Spellcasting
 13724 | Lair:2   | Found a dark tunnel.
 13753 | Volcano  | Entered a volcano
 13972 | Volcano  | Found a radiant altar of Vehumet.
 13992 | Volcano  | Reached ***** piety under Kikubaaqudgha
 14101 | Volcano  | Noticed a red draconian
 14123 | Volcano  | Killed a red draconian
 14223 | Volcano  | Reached skill level 12 in Shields
 14504 | Lair:2   | Found a staircase to the Swamp.
 14510 | Lair:2   | Found a transporter.
 14618 | Lair:2   | Noticed a catoblepas
 14627 | Lair:2   | Killed a catoblepas
 14668 | Lair:2   | Reached skill level 5 in Necromancy
 14826 | Lair:2   | Noticed Xushrum's ghost (journeyman GrEE)
 14848 | Lair:2   | Found a transporter.
 15042 | Lair:2   | Found a one-way gate to the infinite horrors of the Abyss.
 15539 | Lair:3   | Identified the +0 cloak "Hoil" {Str+3}
 15568 | Lair:3   | Reached XP level 14. HP: 105/108 MP: 11/28
 15747 | Lair:3   | Found a hole to the Spider Nest.
 16662 | D:11     | Reached skill level 13 in Shields
 16698 | D:11     | Noticed Harold
 16730 | D:11     | Killed Harold
 17216 | D:11     | Reached skill level 10 in Fighting
 17242 | D:11     | Reached skill level 5 in Ice Magic
 17318 | D:11     | Reached skill level 10 in Armour
 17876 | Orc:2    | HP: 2/110 [Rupert/+4 great mace of protection (25)]
 17878 | Orc:2    | Slain by Rupert

Illustrated notes

Levels and vault maps discovered:
D:1:      dpeg_arrival_refuge, layout_basic, chequers_serial_rivers_micro_b,
          st_stairs_13
D:2:      layout_basic
D:3:      layout_basic
D:4:      layout_basic
D:5:      layout_cave_pools, temple_hall
D:6:      layout_basic, yredelemnul_altar_generic, serial_shops,
          nicolae_shop_window_shopping, uniq_crazy_yiuf_cottage
D:7:      layout_loops_corners, amethyst_overflow_temple_binary,
          gammafunk_ghost_grave
D:8:      layout_basic, erik_lair_dragon, enter_ossuary_4, ebering_ghost_xom,
          feat_on_display
D:9:      layout_rooms, orc_0_dummy, st_stairs_3, uniq_psyche
D:10:     layout_basic, lemuel_doored_altar
D:11:     nzn_winding_woodlands_cross [nzn_winding_woodlands_5x15_default,
          nzn_winding_woodlands_5x15_split_checker,
          nzn_winding_woodlands_5x15_jagged, nzn_winding_woodlands_5x15_pool,
          nzn_winding_woodlands_15x15_boxy_spiral], layout_basic,
          muffindrake_ghost_dual_entry, kennysheep_generic_room_10, uniq_harold,
          uniq_amaemon
Temple:   eino_narrow_crystal_temple
Lair:1:   layout_regular_city, grunt_megastairs_5
Lair:2:   layout_roguey, skrybe_swamp_entry_bodies,
          lightli_volcano_entry_magma_tube, gammafunk_ghost_abyssal_escape
Lair:3:   layout_cave_shapes, hellmonk_spider_entry_life_and_decay
Orc:1:    layout_caves, basic_altar
Orc:2:    st_orc_open, layout_caves, serial_shops, shop, shop,
          nicolae_diamond_shop, nicolae_shop_temple_entry_statues_fountains,
          shop, basic_altar, uniq_rupert, uniq_saint_roka, uniq_snorg

Skill      XL: |  1  2  3  4  5  6  7  8  9 10 11 12 13 14 |
---------------+-------------------------------------------+-----
Dodging        | 2 4 5 6 7 8 |  8.4
Fighting       | 1 2 3 5 6 8 9 10 | 10.1
Armour         | 1 2 3 5 6 8 9 10 | 10.1
Conjurations   | 4 5 6 |  6.0
Spellcasting   | 3 4 6 7 8 9 10 11 | 11.2
Earth Magic    | 1 2 4 6 8 9 |  9.0
Shields        | 3 4 6 10 11 12 13 | 13.3
Necromancy     | 3 5 6 |  6.4
Ice Magic      | 3 5 |  5.3
Stealth        | |  2.4

Action                   |  1- 3 |  4- 6 |  7- 9 | 10-12 | 13-15 || total
-------------------------+-------+-------+-------+-------+-------++-------
Melee: Dagger            |    15 |    13 |    21 |   161 |       ||   210
       Short sword       |    14 |       |       |       |       ||    14
       Rapier            |       |       |       |   176 |   385 ||   561
 Fire: Shortbow          |       |       |     1 |       |    75 ||    76
       Arbalest          |       |       |       |     6 |       ||     6
 Cast: Magic Dart        |    52 |    52 |    48 |     8 |     6 ||   166
       Searing Ray       |       |    11 |    27 |    18 |    15 ||    71
       Stone Arrow       |       |       |    48 |   197 |   204 ||   449
       Sublimation of Bl |       |       |       |    14 |    67 ||    81
       Ozocubu's Armour  |       |       |       |       |     1 ||     1
 Abil: Dig               |       |       |       |     4 |     5 ||     9
Evoke: Wand              |       |       |       |     3 |       ||     3
  Use: Scroll            |       |     3 |     3 |     6 |     9 ||    21
       Potion            |       |       |       |     1 |     5 ||     6
 Stab: Sleeping          |     4 |       |       |     4 |     1 ||     9
Armor: Robe              |     5 |     6 |    28 |    91 |       ||   130
       Troll leather arm |       |       |       |    56 |   244 ||   300
Dodge: Dodged            |    17 |    18 |    81 |   226 |   351 ||   693
Block: Buckler           |       |       |     9 |    32 |       ||    41
       Kite shield       |       |       |       |   136 |   407 ||   543
